Map: [ESL] Inside and Out

Players

NightPhoenix

  • Race: Protoss Protoss
  • Spawn Location: 1:00

GunGFuBanDa - Winner!

  • Race: Protoss Protoss
  • Spawn Location: 7:00

Event: DreamHack SC2 Masters 2022 Atlanta (Online)

VOD

Have the link to the VOD?

Description

Time

  • Played on: Oct. 5, 2022, 12:52 p.m.
  • Length: 5:45

All games in this series

Show
View Real Time Build Order
Export as new Build Order

NightPhoenix Protoss 

Build Orders: Blink Stalkers 

Get SALT Encoding   

  12  0:00  Probe  
  13  0:12  Probe  
  14  0:17  Pylon  
  14  0:24  Probe (Chrono Boost)  
  15  0:36  Probe (Chrono Boost)  
  15  0:37  Gateway  
  16  0:45  Probe (Chrono Boost)  
  16  0:46  Assimilator  
  17  0:51  Probe  
  17  0:54  Assimilator  
  18  1:03  Probe (Chrono Boost)  
  19  1:08  Gateway  
  19  1:13  Probe (Chrono Boost)  
  20  1:19  Probe  
  20  1:25  Cybernetics Core  
  21  1:31  Probe  
  22  1:38  Pylon  
  22  1:43  Probe  
  24  2:02  Stalker x2  
  24  2:03  Warp Gate  
  28  2:10  Pylon  
  28  2:35  Stalker  
  28  2:36  Stalker  
  32  2:38  Twilight Council  
  31  2:55  Gateway  
  31  3:05  Stalker x2  
  35  3:14  Pylon  
  35  3:20  Blink (Chrono Boost)  
  33  3:33  Gateway, Pylon  
  33  3:52  Stalker x2  
  37  3:56  Stalker  
  39  4:15  Stalker x2  
  43  4:21  Stalker  
  45  4:29  Stalker  
  47  4:39  Pylon  
  47  4:43  Stalker  
  49  4:51  Stalker  
  51  4:59  Stalker  
  51  5:09  Stalker  
  51  5:18  Stalker  
  51  5:23  Stalker  
  53  5:31  Stalker  
Show
View Real Time Build Order
Export as new Build Order

GunGFuBanDa Protoss - Winner!

Build Orders:  

Get SALT Encoding   

  12  0:00  Probe  
  13  0:12  Probe  
  14  0:18  Pylon  
  14  0:24  Probe (Chrono Boost)  
  15  0:36  Gateway  
  15  0:37  Probe (Chrono Boost)  
  16  0:43  Probe (Chrono Boost)  
  16  0:46  Assimilator  
  17  0:52  Probe (Chrono Boost)  
  17  0:55  Assimilator  
  18  1:04  Probe (Chrono Boost)  
  19  1:09  Gateway  
  19  1:13  Probe (Chrono Boost)  
  19  1:18  Probe  
  20  1:25  Cybernetics Core  
  21  1:30  Probe  
  22  1:36  Pylon  
  22  1:43  Probe  
  23  1:56  Probe  
  24  2:01  Sentry, Stalker  
  24  2:02  Warp Gate  
  24  2:08  Probe  
  29  2:13  Pylon  
  29  2:27  Pylon  
  29  2:42  Nexus  
  29  2:45  Stalker  
  31  2:52  Stalker  
  31  2:56  Probe  
  34  3:05  Shield Battery  
  34  3:11  Robotics Facility  
  31  3:31  Probe  
  32  3:36  Pylon  
  32  3:48  Shield Battery  
  32  3:51  Stalker x2  
  36  3:56  Immortal (Chrono Boost)  
  40  4:14  Stalker  
  40  4:15  Stalker  
  44  4:28  Immortal (Chrono Boost)  
  48  4:38  Stalker  
  50  4:42  Stalker  
  52  4:57  Immortal (Chrono Boost)  
  50  5:09  Adept  
  50  5:11  Stalker  
  54  5:30  Stalker  
  56  5:43  Stalker  
Tags
 
Add a new tag
Caveats
  • Supply blocks, unpowered buildings, or Contaminate may cause inaccurate times.
  • Supply counts are checked every 10 seconds.